 Dungeon Crawl Stone Soup version 0.29-a0-1009-g60c99734e7 (webtiles) character file.

Game seed: 16485625390514135586

5009 flotson the Trooper (level 10, -15/77 HPs)
             Began as a Demonspawn Delver on Aug 8, 2022.
             Was an Initiate of Gozag.
             Demolished by a two-headed ogre
             ... wielding a +0 giant club
              (25 damage)
             ... on level 9 of the Dungeon on Aug 9, 2022.
             The game lasted 00:18:09 (11826 turns).

flotson the Trooper (Demonspawn Delver)            Turns: 11826, Time: 00:18:10

Health: -15/77     AC: 18    Str: 19    XL:     10   Next: 29%
Magic:  14/14      EV: 15    Int: 12    God:    Gozag
Gold:   380        SH:  8    Dex: 15    Spells: 13/15 levels left

rFire   + + .      SeeInvis .   a - +5 morningstar "Lateq" {vorpal, rF++}
rCold   . . .      Faith    .   I - +0 kite shield
rNeg    . . .      Spirit   .   F - +3 ring mail
rPois   .          Reflect  .   (helmet restricted)
rElec   .          Harm     .   G - +2 cloak
rCorr   .          Rampage  .   y - +0 pair of gloves "Moxte" {Str+3}
Will    .....                   C - +0 pair of boots
Stlth   ++........              (no amulet)
HPRegen 0.22/turn               f - +4 ring of protection
MPRegen 0.14/turn               z - +4 ring of evasion

@: no status effects
A: antennae 1, ignite blood 2, demonic magic 2
a: Renounce Religion, Potion Petition, Call Merchant, Bribe Branch


You were on level 9 of the Dungeon.
You worshipped Gozag.
Gozag was aware of your devotion.
You visited 2 branches of the dungeon, and saw 10 of its levels.

You collected 1152 gold pieces.
You spent 698 gold pieces at shops.
You paid 74 gold pieces to Gozag.

Inventory:

Hand Weapons
 a - the +5 morningstar "Lateq" (weapon) {vorpal, rF++}
   (You bought it in a shop on level 6 of the Dungeon)

   It inflicts extra damage upon your enemies.
   rF:        It greatly protects you from fire.
 b - the +0 trident of the Cup {freeze, Str+3 Int+3}
   (You bought it in a shop on level 6 of the Dungeon)

   It freezes those it strikes, dealing additional cold damage.
   It can also slow down cold-blooded creatures.
   Str:       It affects your strength (+3).
   Int:       It affects your intelligence (+3).
Missiles
 d - 2 throwing nets
 v - 8 poisoned darts (quivered)
Armour
 y - the +0 pair of gloves "Moxte" (worn) {Str+3}
   (You found it on level 8 of the Dungeon)

   Str:       It affects your strength (+3).
 C - a +0 pair of boots (worn)
 F - a +3 ring mail (worn)
 G - a +2 cloak (worn)
 I - a +0 kite shield (worn)
Jewellery
 f - a +4 ring of protection (left hand)
 z - a +4 ring of evasion (right hand)
 A - a ring of fire
 D - a +4 ring of evasion
 H - a ring of see invisible
Wands
 g - a wand of digging (2)
 B - a wand of mindburst (2)
Scrolls
 c - a scroll of fog
 m - 2 scrolls of amnesia {unknown}
 n - a scroll of torment {unknown}
 o - a scroll of magic mapping
 p - 3 scrolls of enchant weapon {unknown}
 q - 2 scrolls of enchant armour {unknown}
 r - 2 scrolls of teleportation
 s - 3 scrolls of blinking
 t - 2 scrolls of immolation
 w - 2 scrolls of fear
 x - 2 scrolls of summoning {unknown}
 E - 2 scrolls of vulnerability {unknown}
 J - 2 scrolls of identify
Potions
 h - 5 potions of heal wounds
 i - a potion of lignification
 j - 2 potions of might
 k - 2 potions of flight
 l - 4 potions of curing
 u - 2 potions of mutation


   Skills:
 + Level 6.5 Fighting
 + Level 3.0(3.2) Axes
 - Level 1.7(2.6) Polearms
 + Level 4.9 Throwing
 + Level 5.2 Armour
 + Level 5.5 Dodging
 - Level 4.5 Stealth
 + Level 2.7 Shields
 + Level 3.0 Spellcasting
 + Level 3.2 Hexes
 + Level 3.1 Ice Magic
 + Level 5.6 Evocations


You had 13 spell levels left.
You knew the following spells:

 Your Spells              Type           Power      Damage    Failure   Level
a - Ensorcelled Hibernat  Hex/Ice        18%        N/A       47%         2

Your spell library contained the following spells:

 Spells                   Type           Power      Damage    Failure   Level
 Spider Form              Tmut/Pois      1%         N/A       98%         3
 Stone Arrow              Conj/Erth      2%         3d7       98%         3
 Anguish                  Hex/Necr       2%         N/A       100%        4
 Animate Armour           Summ/Erth      2%         N/A       100%        4
 Blade Hands              Tmut           0%         N/A       100%        5
 Irradiate                Conj/Tmut      0%         3d11      100%        5
 Dragon Form              Tmut           0%         N/A       100%        7
 Lehudib's Crystal Spear  Conj/Erth      0%         10d2      100%        8


Dungeon Overview and Level Annotations

Branches:
Dungeon (9/15)             Temple (1/1) D:4            Lair (0/5) D:8
    Orc: D:9-12

Altars:
Ashenzari
Cheibriados
Dithmenos
Gozag
Hepliaklqana
Kikubaaqudgha
Makhleb
Nemelex Xobeh
Okawaru
Ru
Sif Muna
Uskayaw
Wu Jian
Xom

Shops:
D:3 (   D:4 *   D:5 *?   D:6 ((   D:8 ?[=


Innate Abilities, Weirdness & Mutations

You have a pair of small antennae on your head.
Your demonic aura often causes spilled blood to erupt in flames.
Spells you cast may paralyse nearby enemies.


Message History

The yak is almost dead.
The yak is engulfed in blazing flames.
You kill the yak!
Your Spellcasting skill increases to level 3!
You now have 380 gold pieces (gained 16).
HP restored.
Done exploring.
There is a stone staircase leading down here.
You climb downwards.
There is a stone staircase leading up here.
Found a stone staircase leading down.
You open the door.
There is an open door here.
You open the door.
There is an open door here.
A two-headed ogre comes into view. It is wielding two +0 giant clubs.
The two-headed ogre shouts in stereo!
The two-headed ogre closely misses you.
The two-headed ogre hits you with a +0 giant club!
You puncture the two-headed ogre!
The two-headed ogre is moderately wounded.
The two-headed ogre is engulfed in blazing flames.
The two-headed ogre hits you with a +0 giant club!
The two-headed ogre hits you with a +0 giant club!!
You barely miss the two-headed ogre.
The two-headed ogre is heavily wounded.
The two-headed ogre is engulfed in blazing flames.
The two-headed ogre hits you with a +0 giant club! x2
* * * LOW HITPOINT WARNING * * *
You are too injured to fight recklessly!
You are too injured to fight recklessly!
You are too injured to fight recklessly!
You are too injured to fight recklessly!
You are too injured to fight recklessly!
The two-headed ogre attacks as you move away!
The two-headed ogre hits you with a +0 giant club!
* * * LOW HITPOINT WARNING * * *
The two-headed ogre hits you with a +0 giant club!!
You die...
Your body crumbles into a pile of gold.

#.......... #..
#.......... #..
#........... #..#####
#........###
+......###........#
+....... .........#
#....○.##########.#
#....O.# .# #...@.#
#....°# .#
#.....###+######.#
#................#
#................#
#................#
..................###
######+#####..........
.......#..........


You could see a two-headed ogre.

Vanquished Creatures
  A two-headed ogre (D:8)
  Pikel (D:5)
  8 yaks
  2 steam dragons
  Menkaure (D:7)
  2 water moccasins (D:8)
  2 orc warriors
  3 ice beasts
  2 ogres (D:5)
  A lemure (D:4)
  2 phantoms
  2 kobold brigands
  5 bullfrogs
  A scorpion (D:4)
  A necrophage (D:5)
  2 gnoll sergeants
  A crimson imp (D:3)
  An orc priest (D:5)
  2 hounds
  A gnoll bouda (D:6)
  2 jellies
  2 iguanas
  5 orc wizards
  Natasha (thrice) (D:4)
  11 gnolls
  8 adders
  2 shadow imps
  A white imp (D:6)
  2 ufetubi
  A worm (D:3)
  A dart slug (D:5)
  26 orcs
  3 bats (D:1)
  3 endoplasms
  3 giant cockroaches
  3 goblins (D:1)
  7 hobgoblins
  11 kobolds
  5 quokkas
  7 ball pythons
  5 frilled lizards
  6 rats
158 creatures vanquished.

Vanquished Creatures (others)
  An orc (D:4)
1 creature vanquished.

Grand Total: 159 creatures vanquished

Notes
Turn   | Place    | Note
-------+----------+-------------------------------------------
     0 | D:5      | flotson the Demonspawn Delver began the quest for the Orb.
     0 | D:5      | Reached XP level 1. HP: 18/18 MP: 1/1
     9 | D:5      | Noticed a jelly
    26 | D:5      | Noticed a lemure
    26 | D:5      | Noticed a lemure
    27 | D:5      | Noticed a lemure
    28 | D:5      | Noticed a lemure
    28 | D:5      | Noticed Pikel
    59 | D:4      | Noticed a hound
   343 | D:4      | Noticed a phantom
   467 | D:3      | Found a burning altar of Makhleb.
   467 | D:3      | Noticed a crimson imp
   468 | D:3      | Found a shimmering altar of Xom.
   788 | D:3      | Found Naadd's Weapon Emporium.
   949 | D:3      | Gained mutation: Spells you cast may paralyse adjacent
                  | enemies. [demonic ancestry]
   949 | D:3      | Reached XP level 2. HP: 24/24 MP: 2/2
  1272 | D:1      | Reached skill level 1 in Armour
  1272 | D:1      | Reached skill level 1 in Evocations
  1489 | D:1      | Gained mutation: Your demonic aura sometimes causes spilled
                  | blood to erupt in flames. [demonic ancestry]
  1489 | D:1      | Reached XP level 3. HP: 25/29 MP: 3/3
  1907 | D:2      | Found a faded altar of an unknown god.
  1963 | D:2      | Gained mutation: You have a pair of small antennae on your
                  | head. [demonic ancestry]
  1963 | D:2      | Reached XP level 4. HP: 35/35 MP: 4/4
  2532 | D:3      | Found a broken altar of Ashenzari.
  3000 | D:4      | Noticed a scorpion
  3014 | D:4      | Killed a scorpion
  3015 | D:4      | Reached skill level 1 in Throwing
  3015 | D:4      | Reached XP level 5. HP: 42/42 MP: 5/5
  3044 | D:4      | Noticed Natasha
  3052 | D:4      | Killed Natasha
  3092 | D:4      | Noticed Natasha
  3107 | D:4      | Killed Natasha
  3108 | D:4      | Reached skill level 4 in Fighting
  3416 | D:4      | Found Xyit's Overcharged Wands.
  3529 | D:4      | Reached XP level 6. HP: 20/48 MP: 6/6
  4216 | D:4      | Noticed Natasha
  4220 | D:4      | Killed Natasha
  4534 | D:4      | Found a staircase to the Ecumenical Temple.
  4543 | Temple   | Entered the Ecumenical Temple
  4553 | Temple   | Became a worshipper of Gozag Ym Sagoz the Greedy
  4978 | D:4      | Found Xyit's Overcharged Wands.
  5045 | D:4      | Found a staircase to the Ecumenical Temple.
  5504 | D:3      | Found a broken altar of Ashenzari.
  5782 | D:3      | Found a burning altar of Makhleb.
  5784 | D:3      | Found a shimmering altar of Xom.
  5800 | D:3      | Found Naadd's Weapon Emporium.
  6343 | D:4      | Found Xyit's Overcharged Wands.
  6442 | D:4      | Found a staircase to the Ecumenical Temple.
  6634 | D:5      | Reached XP level 7. HP: 54/55 MP: 7/7
  6710 | D:5      | Found Qipseb's Neck Hole.
  6803 | D:5      | HP: 1/55 [orc priest/divine providence (10)]
  7449 | D:5      | Found Lecoiwk's Magic Scroll Shop.
  7457 | D:5      | Bought a scroll of blinking for 97 gold pieces
  7457 | D:5      | Bought 2 scrolls of identify for 52 gold pieces
  7457 | D:5      | Bought a scroll of teleportation for 39 gold pieces
  7526 | D:5      | Reached skill level 5 in Fighting
  7673 | D:5      | Killed Pikel
  7674 | D:5      | Gained mutation: Spells you cast may paralyse nearby
                  | enemies. [demonic ancestry]
  7674 | D:5      | Reached XP level 8. HP: 51/63 MP: 8/8
  7679 | D:5      | Learned a level 2 spell: Ensorcelled Hibernation
  7906 | D:6      | Found Leafirarr's Antique Weapon Shoppe.
  8273 | D:6      | Found Voxa's Weapon Emporium.
  8747 | D:6      | Bought a masterwork trident for 221 gold pieces
  8747 | D:6      | Identified the +0 trident of the Cup {freeze, Str+3 Int+3}
                  | (You bought it in a shop on level 6 of the Dungeon)
  8840 | D:7      | Reached skill level 1 in Axes
  8840 | D:7      | Reached skill level 1 in Spellcasting
  8840 | D:7      | Reached skill level 1 in Hexes
  8840 | D:7      | Reached skill level 1 in Ice Magic
  9099 | D:7      | Noticed Menkaure
  9109 | D:7      | Killed Menkaure
  9110 | D:7      | Reached skill level 1 in Shields
  9110 | D:7      | Reached XP level 9. HP: 11/69 MP: 9/11
  9555 | D:6      | Bought a scorched morningstar for 234 gold pieces
  9555 | D:6      | Identified the +5 morningstar "Lateq" {vorpal, rF++} (You
                  | bought it in a shop on level 6 of the Dungeon)
  9907 | D:7      | Found a shimmering blue altar of Sif Muna.
  9915 | D:7      | Found an ornate altar of the Wu Jian Council.
  9922 | D:7      | Found a sacrificial altar of Ru.
  9928 | D:7      | Found an iron altar of Okawaru.
  9944 | D:7      | Found a hazy altar of Hepliaklqana.
  9949 | D:7      | Found a shadowy altar of Dithmenos.
 10103 | D:8      | Found Navviq's Magic Scroll Boutique.
 10116 | D:8      | Bought a scroll of noise for 11 gold pieces
 10116 | D:8      | Bought a scroll of identify for 22 gold pieces
 10116 | D:8      | Bought a scroll of identify for 22 gold pieces
 10171 | D:8      | Reached skill level 5 in Dodging
 10180 | D:8      | Reached skill level 6 in Fighting
 10180 | D:8      | Reached skill level 5 in Evocations
 10349 | D:8      | Found Dumaeschu's Armour Boutique.
 10393 | D:8      | Found Koygecle's Jewellery Boutique.
 10420 | D:8      | Found a staircase to the Lair.
 10467 | D:8      | Reached skill level 5 in Armour
 10727 | D:8      | Identified the +0 pair of gloves "Moxte" {Str+3}
 10907 | D:8      | Noticed a two-headed ogre
 10910 | D:8      | Killed a two-headed ogre
 10911 | D:8      | Gained mutation: Your demonic aura often causes spilled
                  | blood to erupt in flames. [demonic ancestry]
 10911 | D:8      | Reached XP level 10. HP: 77/77 MP: 12/14
 11819 | D:9      | Noticed a two-headed ogre
 11826 | D:9      | Demolished by a two-headed ogre

Illustrated notes

Levels and vault maps discovered:
D:1:      minmay_arrival_stone_box, layout_basic
D:2:      layout_loops_ring, hellmonk_ecumenical_altar_blasted
D:3:      layout_loops_corners, grunt_temple_overflow_champion_of_chaos,
          cheibrodos_ashenzari_chains, serial_shops,
          nicolae_shop_bloodbath_and_beyond
D:4:      layout_loops_ring, elyvilon_altar_5, lemuel_temple_firewalk_b,
          nicolae_shop_overcharged_wands, uniq_natasha
D:5:      layout_cave_pods, serial_shops, shop,
          nicolae_shop_sticking_my_neck_out, uniq_pikel
D:6:      layout_cave_pools, serial_shops, nicolae_take_the_stairs,
          nicolae_stop_n_shop_2
D:7:      layout_loops_ring, grunt_temple_overflow_octagram, uniq_menkaure
D:8:      layout_basic, lair_entry_dummy, serial_shops, kennysheep_mini,
          kennysheep_little_box, nicolae_shop_waterfront
D:9:      layout_irregular_city, uniq_erolcha
Temple:   nicolae_temple_bog_church

Skill      XL: |  1  2  3  4  5  6  7  8  9 10 |
---------------+-------------------------------+-----
Dodging        | 2 3 4 5 |  5.5
Armour         | 1 2 4 5 |  5.2
Evocations     | 1 2 3 4 5 |  5.6
Throwing       | 1 2 3 4 |  4.9
Fighting       | 4 5 6 |  6.5
Axes           | 1 2 3 |  3.0
Spellcasting   | 1 2 3 |  3.0
Hexes          | 1 2 3 |  3.2
Ice Magic      | 1 2 3 |  3.1
Shields        | 1 2 |  2.7
Polearms       | |  1.7
Stealth        | |  4.5

Action                   |  1- 3 |  4- 6 |  7- 9 | 10-12 || total
-------------------------+-------+-------+-------+-------++-------
Melee: Spear             |   163 |   135 |       |       ||   298
       Punch             |     1 |     4 |     3 |       ||     8
       Flail             |       |    73 |   125 |       ||   198
       Trident           |       |       |    59 |       ||    59
       Morningstar       |       |       |    85 |    46 ||   131
Throw: Dart              |       |     5 |       |       ||     5
Evoke: Wand              |     1 |     2 |     6 |       ||     9
  Use: Scroll            |     3 |     1 |     7 |       ||    11
       Potion            |     1 |       |     1 |       ||     2
 Stab: Sleeping          |     9 |     5 |       |     1 ||    15
       Distracted        |       |       |     5 |     1 ||     6
Armor: Ring mail         |    50 |    81 |   116 |    33 ||   280
Dodge: Dodged            |    66 |   128 |   278 |    45 ||   517
Block: Kite shield       |       |       |    63 |    35 ||    98

Table legend: (Time is in decaauts)
 A = Elapsed time spent in this place.
 B = Non-inter-level travel time spent in this place.
 C = Inter-level travel time spent in this place.
 D = Time resting spent in this place.
 E = Time spent auto-exploring this place.
 F = Levels seen in this place.
 G = Mean time per level.
                   A        B        C        D        E       F      G
               +--------+--------+--------+--------+--------+-----+--------+
         Total |  12001 |  11518 |    483 |    760 |   8862 |  10 | 1200.1 |
       Dungeon |  11980 |  11507 |    473 |    760 |   8861 |   9 | 1331.1 |
        Temple |     20 |     10 |     10 |      0 |      1 |   1 |   20.0 |
               +--------+--------+--------+--------+--------+-----+--------+

Top non-repeatable levels by time:
     D:4: 2930 daAuts
     D:3: 2055 daAuts
     D:8: 1568 daAuts
     D:5: 1509 daAuts
     D:7: 1310 daAuts
     D:6: 894 daAuts
     D:2: 768 daAuts
     D:1: 667 daAuts
     D:9: 276 daAuts
  Temple: 20 daAuts
